 Dungeon Crawl Stone Soup version 0.21-a0-404-g291f19a (webtiles) character file.

1709 Klosterheim the Magician (level 8, -5/41 HPs)
             Began as a Deep Elf Wizard on Oct 29, 2017.
             Was an Initiate of Sif Muna.
             Slain by an ice beast (8 damage)
             ... on level 7 of the Dungeon.
             The game lasted 00:19:52 (9367 turns).

Klosterheim the Magician (Deep Elf Wizard)          Turns: 9367, Time: 00:19:53

Health: -5/41      AC:  2    Str:  4    XL:     8   Next: 74%
Magic:  20/21      EV: 14    Int: 28    God:    Sif Muna [......]
Gold:   203        SH:  0    Dex: 13    Spells: 12/22 levels left

rFire    . . .     SeeInvis .   t - +1 short sword (venom)
rCold    . . .     Gourm    .   (no shield)
rNeg     . . .     Faith    .   a - +0 robe
rPois    .         Spirit   .   b - +0 hat
rElec    .         Reflect  .   (no cloak)
rCorr    .         Harm     .   (no gloves)
MR       .....                  (no boots)
Stlth    +++.......             (no amulet)
HPRegen  0.13/turn              s - +2 ring of intelligence
MPRegen  0.17/turn              (no ring)

@: drained
A: no striking features
a: Renounce Religion


You were on level 7 of the Dungeon.
You worshipped Sif Muna.
Sif Muna was noncommittal.
You were not hungry.

You visited 2 branches of the dungeon, and saw 8 of its levels.
You also visited: Sewer.

You collected 358 gold pieces.
You spent 155 gold pieces at shops.

Inventory:

Hand Weapons
 t - a +1 short sword of venom (weapon)
Armour
 a - a +0 robe (worn)
 b - a +0 hat (worn)
 o - a +0 buckler
Jewellery
 s - a +2 ring of intelligence (left hand)
Wands
 m - a wand of enslavement (8/24)
 v - a wand of iceblast (11/15)
 x - a wand of scattershot (4/9)
 B - a wand of digging (12/24)
Scrolls
 h - 5 scrolls of teleportation
 j - 2 scrolls of remove curse
 l - 3 scrolls of blinking
 q - 3 scrolls of identify
 z - a scroll of fog
 A - a scroll of fear
Potions
 e - 7 potions of heal wounds
 f - a potion of might
 g - 2 potions of lignification
 i - a potion of haste
 k - 4 potions of brilliance
 n - a potion of ambrosia
 p - 3 potions of flight
 r - 3 potions of curing
 u - 2 potions of agility
Books
 c - a book of Minor Magic

   Spells                             Type                      Level
   a - Magic Dart                     Conjuration                  1
   b - Blink                          Translocation                2
   c - Call Imp                       Summoning                    2
   d - Slow                           Hexes                        2
   e - Conjure Flame                  Conjuration/Fire             3
   f - Mephitic Cloud                 Conjuration/Poison/Air       3
 y - a book of Necromancy

   Spells                             Type                      Level
   a - Pain                           Necromancy                   1
   b - Animate Skeleton               Necromancy                   1
   c - Vampiric Draining              Necromancy                   3
   d - Regeneration                   Charms/Necromancy            3
   e - Animate Dead                   Necromancy                   4
   f - Control Undead                 Necromancy                   4
Comestibles
 d - 5 bread rations


   Skills:
 + Level 5.9(5.1) Dodging
 - Level 6.0(5.2) Stealth
 + Level 3.2(2.4) Shields
 + Level 7.8(7.0) Spellcasting
 - Level 6.0(5.2) Conjurations
   Level 1.1(0.4) Summonings
 * Level 4.2(3.5) Necromancy
 - Level 1.1(0.4) Translocations


You had 12 spell levels left.
You knew the following spells:

 Your Spells              Type           Power        Failure   Level  Hunger
a - Magic Dart            Conj           ####         1%          1    None
b - Blink                 Tloc           N/A          7%          2    None
c - Mephitic Cloud        Conj/Pois/Air  ###.....     8%          3    None
d - Animate Dead          Necr           N/A          13%         4    ##.....


Dungeon Overview and Level Annotations

Branches:
Dungeon (7/15)             Temple (1/1) D:6

Altars:
Ashenzari
Cheibriados
Dithmenos
Elyvilon
Fedhas
Gozag
Hepliaklqana
Kikubaaqudgha
Makhleb
Nemelex Xobeh
Okawaru
Qazlal
Ru
Sif Muna
Trog
Uskayaw
Vehumet
Wu Jian
Xom
Yredelemnul
Zin
The Shining One

Shops:
D:6 ?


Message History

You hear a shout!
The howler monkey hoots and howls with incredible vigour!
You hear a croak.
You hear a howl!
You hear a shout! x2
Something shouts, "Get thee hence, thou shaky fly-bitten ratsbane!"
You hear an angry hiss.
As you read the scroll of fear, it crumbles to dust.
You assume a fearsome visage.
The howler monkey looks frightened!
The wight is unaffected. x2; The howler monkey looks frightened!
The wight hits you but does no damage.
A centaur comes into view.
The centaur wields a shortbow.
The centaur shoots an arrow.
The arrow closely misses you.
The centaur shoots an arrow.
The arrow hits you!
* * * LOW HITPOINT WARNING * * *
You see here an arrow.
The wight hits you but does no damage. The ice beast hits you.
* * * LOW HITPOINT WARNING * * *
The ice beast freezes you!
You die...

#.######.#.............
#.#...h...............#
#.#.####........####.##
#........#### #
#......)......
##.......#####
#...z...######
###z#Y#.......
#.(z.@..### #.#####.#
#. .# .. #.. #c. ...
#.#


You could see an ice beast and 3 wights.

Vanquished Creatures
  Sigmund (D:2)
  Menkaure (D:4)
  Edmund (D:5)
  An ice beast (D:6)
  An ogre (D:5)
  A big kobold (Sewer)
  2 bullfrogs (D:6)
  A howler monkey (D:7)
  2 wights (D:6)
  2 crimson imps (D:6)
  A bullfrog zombie (D:7)
  2 bullfrog skeletons
  A hound (D:3)
  4 orc priests
  A jelly (D:5)
  4 orc wizards
  3 worker ants
  7 gnolls
  7 adders
  3 shadow imps
  An adder zombie (D:5)
  An ooze (D:1)
  3 dart slugs
  A leopard gecko (D:7)
  17 orcs
  3 giant cockroaches
  7 goblins
  5 hobgoblins
  6 jackals
  18 kobolds
  2 quokkas (D:3)
  4 ball pythons
  A ball python skeleton (D:4)
  5 bats
  6 frilled lizards
  A leopard gecko skeleton (D:4)
  A quokka skeleton (D:6)
  12 rats
140 creatures vanquished.

Notes
Turn   | Place    | Note
-------+----------+-------------------------------------------
     0 | D:1      | Klosterheim the Deep Elf Wizard began the quest for the Orb.
     0 | D:1      | Reached XP level 1. HP: 10/10 MP: 7/7
   340 | D:1      | Reached XP level 2. HP: 13/15 MP: 0/9
  1162 | D:2      | Noticed Sigmund
  1268 | D:2      | Reached XP level 3. HP: 14/19 MP: 6/11
  1352 | D:2      | Learned a level 2 spell: Blink
  1356 | D:2      | Learned a level 3 spell: Mephitic Cloud
  1744 | D:2      | Reached XP level 4. HP: 24/24 MP: 9/12
  1786 | D:2      | Killed Sigmund
  1786 | D:2      | Reached skill level 5 in Spellcasting
  1786 | D:2      | Reached XP level 5. HP: 21/28 MP: 0/15
  2372 | D:3      | Reached XP level 6. HP: 10/32 MP: 3/16
  2616 | D:3      | Found a glowing drain.
  2639 | Sewer    | Entered a sewer
  3502 | D:3      | Found an opulent altar of Gozag.
  3786 | D:3      | Reached skill level 1 in Shields
  4070 | D:3      | Reached skill level 6 in Spellcasting
  4417 | D:4      | Reached skill level 5 in Conjurations
  4417 | D:4      | Reached XP level 7. HP: 36/36 MP: 7/18
  5455 | D:4      | Noticed Menkaure
  5465 | D:4      | Killed Menkaure
  5465 | D:4      | Reached skill level 5 in Dodging
  5465 | D:4      | Reached skill level 5 in Stealth
  5660 | D:5      | Entered Level 5 of the Dungeon
  5664 | D:5      | Found a sparkling altar of Nemelex Xobeh.
  6282 | D:5      | Reached skill level 7 in Spellcasting
  6342 | D:5      | Learned a level 4 spell: Animate Dead
  6430 | D:5      | Reached XP level 8. HP: 41/41 MP: 15/20
  6755 | D:6      | Reached skill level 1 in Necromancy
  6992 | D:6      | Found a staircase to the Ecumenical Temple.
  7004 | Temple   | Entered the Ecumenical Temple
  7149 | Temple   | Became a worshipper of Sif Muna the Loreminder
  7225 | D:6      | Noticed Edmund
  7289 | D:5      | Killed Edmund
  8092 | D:6      | Found Moehoido's Magic Scroll Emporium.
  8102 | D:6      | Bought a scroll of identify for 26 gold pieces
  8102 | D:6      | Bought a scroll of teleportation for 39 gold pieces
  8102 | D:6      | Bought a scroll of fear for 45 gold pieces
  8102 | D:6      | Bought a scroll of fear for 45 gold pieces
  9367 | D:7      | Slain by an ice beast

Vault maps used:
D:1:      evilmike_arrival_hilbert_curve
D:2:      first_bread, minmay_distorted, uniq_sigmund
D:3:      grunt_gozag_statues, portal_sewer_entry_a
D:4:      kennysheep_opposing_triangles, uniq_menkaure
D:5:      basic_altar
D:6:      minmay_temple_entry_mist, serial_shops, shop, uniq_edmund
Temple:   compressed_dpeg_circular_temple
Sewer:    kennysheep_pipe_town

Skill      XL: |  1  2  3  4  5  6  7  8 |
---------------+-------------------------+-----
Conjurations   | 2 4 5 6 |  6.0
Stealth        | 3 4 5 6 |  6.0
Dodging        | 3 4 5 |  5.9
Spellcasting   | 5 6 7 |  7.8
Shields        | 1 2 3 |  3.2
Necromancy     | 4 |  4.2
Summonings     | |  1.1
Translocations | |  1.1

Action                   |  1- 3 |  4- 6 |  7- 9 || total
-------------------------+-------+-------+-------++-------
Melee: Unarmed           |     3 |       |       ||     3
       Dagger            |       |    12 |       ||    12
       Short sword       |       |     8 |    14 ||    22
 Cast: Magic Dart        |    58 |   159 |   255 ||   472
       Mephitic Cloud    |       |     4 |     9 ||    13
       Blink             |       |     6 |    13 ||    19
  Use: Potion            |       |     7 |     1 ||     8
       Scroll            |       |     5 |     7 ||    12
 Stab: Sleeping          |       |     1 |     1 ||     2
       Confused          |       |       |     2 ||     2
  Eat: Chunk             |     2 |     8 |    11 ||    21
       Meat ration       |       |       |     1 ||     1
       Royal jelly       |       |       |     1 ||     1
Armor: Robe              |     2 |     6 |     3 ||    11
Dodge: Dodged            |    14 |    70 |    42 ||   126
Block: Buckler           |       |    19 |     1 ||    20

Table legend:
 A = Spawn XP
 B = Non-spawn XP
 C = Spawn XP percentage of total XP
 D = Spawn monster count
 E = Non-spawn monster count
 F = Spawn count percentage of total count
 G = Total turns spent on level
                    A         B        C        D         E        F      G
               +---------+---------+-------+---------+---------+-------+---------
         Total |       0 |    2442 |   0.0 |       0 |     140 |   0.0 |  9367
               +---------+---------+-------+---------+---------+-------+---------
           D:1 |       0 |      31 |   0.0 |       0 |       9 |   0.0 |  1056
           D:2 |       0 |     311 |   0.0 |       0 |      21 |   0.0 |  1179
           D:3 |       0 |     193 |   0.0 |       0 |      29 |   0.0 |  1369
           D:4 |       0 |     410 |   0.0 |       0 |      20 |   0.0 |  1364
           D:5 |       0 |     532 |   0.0 |       0 |      16 |   0.0 |  1516
           D:6 |       0 |     685 |   0.0 |       0 |      17 |   0.0 |  1848
           D:7 |       0 |     147 |   0.0 |       0 |       4 |   0.0 |   182
         Sewer |       0 |     133 |   0.0 |       0 |      24 |   0.0 |   692
               +---------+---------+-------+---------+---------+-------+---------
